 Dungeon Crawl Stone Soup version 0.31-a0-799-g6bc09d010c (webtiles) character file.

Game seed: 15262158317188124052

90045 dialectric the Warrior (level 15, -14/151 HPs)
             Began as a Minotaur Fighter on Sept 18, 2023.
             Killed from afar by an ironbound thunderhulk (30 damage)
             ... with a bolt of lightning
             ... on level 13 of the Dungeon on Sept 19, 2023.
             The game lasted 00:43:05 (25524 turns).

dialectric the Warrior (Minotaur Fighter)          Turns: 25524, Time: 00:43:06

Health: -14/151    AC: 20    Str: 25    XL:     15   Next: 51%
Magic:  0/23       EV: 15    Int:  5    God:
Gold:   1754       SH:  0    Dex: 13    Spells: 14/14 levels left

rFire   + + .        a - +9 double sword (heavy)
rCold   x . .        (no shield)
rNeg    + . .        r - +1 fire dragon scales
rPois   .            C - +1 hat
rElec   .            y - +2 cloak
rCorr   .            l - +0 pair of gloves
SInv    +            (no boots)
Will    +....        L - amulet of guardian spirit Stlth
                     v - ring of magical power
HPRegen 0.45/turn    V - ring of positive energy
MPRegen 0.18/turn

%: guardian spirit
@: no status effects
A: horns 2, retaliatory headbutt, see invisible
a: no special abilities


You were on level 13 of the Dungeon.
You visited 7 branches of the dungeon, and saw 27 of its levels.

You collected 2134 gold pieces.
You spent 380 gold pieces at shops.

Inventory:

Hand Weapons
 a - a +9 heavy double sword (weapon)
Missiles
 j - 3 javelins
Armour
 c - a +0 buckler
 l - a +0 pair of gloves (worn)
 r - +1 fire dragon scales (worn)
 s - a scarf of invisibility
 y - a +2 cloak (worn)
 A - a +3 ring mail
 C - a +1 hat (worn)
Jewellery
 v - a ring of magical power (left hand)
 E - an amulet of regeneration
 L - an amulet of guardian spirit (around neck)
 U - an amulet of faith
 V - a ring of positive energy (right hand)
Talismans
 h - a blade talisman
 M - a flux talisman
 X - a maw talisman
Wands
 i - a wand of mindburst (20)
 z - a wand of quicksilver (9)
 J - a wand of polymorph (8)
 K - a wand of digging (3)
 P - a wand of flame (18)
 S - a wand of iceblast (2)
Scrolls
 b - 5 scrolls of vulnerability
 g - 6 scrolls of identify
 k - 2 scrolls of torment
 u - 3 scrolls of amnesia
 w - a scroll of blinking
 D - a scroll of fog
 G - 2 scrolls of butterflies
 I - a scroll of enchant weapon
 O - 3 scrolls of revelation
 R - a scroll of immolation
 T - 2 scrolls of poison
 Y - 5 scrolls of teleportation
 Z - a scroll of fear
Potions
 d - 2 potions of might
 e - a potion of cancellation
 f - 4 potions of resistance
 m - 4 potions of brilliance
 n - 5 potions of curing
 o - 2 potions of haste
 p - 2 potions of berserk rage
 t - 3 potions of mutation
 x - a potion of magic
 B - 5 potions of lignification
 F - 4 potions of attraction
 Q - 2 potions of ambrosia
 W - 3 potions of enlightenment


   Skills:
 + Level 18.8 Fighting
 + Level 0.9(9.7) Short Blades
 - Level 16.1 Long Blades
 - Level 3.3 Maces & Flails
 + Level 15.0 Armour
 * Level 12.9 Dodging
 + Level 5.5 Shields
 - Level 1.7 Unarmed Combat
 - Level 6.0 Evocations


You had 14 spell levels left.
You didn't know any spells.
Your spell library contained the following spells:

 Spells                   Type           Power      Damage    Failure   Level
 Apportation              Tloc           0%         N/A       73%         1
 Slow                     Hex            0%         N/A       73%         1
 Ensorcelled Hibernation  Hex/Ice        0%         N/A       86%         2
 Jinxbite                 Hex            0%         N/A       86%         2
 Poisonous Vapours        Pois/Air       0%         N/A       86%         2
 Confusing Touch          Hex            0%         N/A       97%         3
 Ignite Poison            Fire/Tmut/Pois 0%         N/A       97%         3
 Mephitic Cloud           Conj/Pois/Air  0%         N/A       97%         3
 Sigil of Binding         Hex            0%         N/A       97%         3
 Vampiric Draining        Necr           0%         2d6       97%         3
 Anguish                  Hex/Necr       0%         N/A       100%        4
 Animate Armour           Summ/Erth      0%         N/A       100%        4
 Brom's Barrelling Bould  Conj/Erth      0%         2d3       100%        4
 Cause Fear               Hex            0%         N/A       100%        4
 Sticky Flame             Conj/Fire      0%         2d3       100%        4
 Summon Lightning Spire   Summ/Air       0%         N/A       100%        4
 Alistair's Intoxication  Tmut/Pois      0%         N/A       100%        5
 Fireball                 Conj/Fire      0%         3d3       100%        5
 Freezing Cloud           Conj/Ice/Air   0%         6-21      100%        5
 Iskenderun's Battlesphe  Conj           0%         2d6       100%        5
 Lee's Rapid Deconstruct  Erth           0%         3d4*      100%        5
 Conjure Ball Lightning   Conj/Air       0%         3x3d6     100%        6
 Orb of Destruction       Conj           0%         9d5       100%        7
 Ignition                 Fire           0%         3d3       100%        8
 Dragon's Call            Summ           0%         N/A       100%        9


Dungeon Overview and Level Annotations

Branches:
Dungeon (13/15)            Temple (1/1) D:7            Lair (5/5) D:8
 Shoals (3/4) Lair:3        Snake (0/4) Lair:2        Slime (1/5) Lair:5
    Orc (2/2) D:10            Elf (2/3) Orc:2
 Vaults: D:13-14

Altars:
Ashenzari
Cheibriados
Dithmenos
Elyvilon
Fedhas
Gozag
Hepliaklqana
Kikubaaqudgha
Makhleb
Nemelex Xobeh
Okawaru
Qazlal
Ru
Sif Muna
Trog
Uskayaw
Vehumet
Wu Jian
Xom
Yredelemnul
Zin
The Shining One

Shops:
D:7 :   Orc:2 **[:(   Elf:1 *

Portals:
Abyss: Lair:2

Annotations:
Lair:2 2 transporters, ooooo's ghost, journeyman OpCj


Innate Abilities, Weirdness & Mutations

You have a pair of horns on your head.
You reflexively headbutt those who attack you in melee.
You have supernaturally acute eyesight. (SInv)


Message History

You carve the unseen horror like a ham!!!
You kill the unseen horror!
The wraith barely misses you.
The tengu warrior shoots a bolt.
The bolt closely misses you.
Your Armour skill increases to level 15!
You hit the wraith but do no damage. Your headbutt misses the wraith.
The wraith closely misses you.
Electricity crackles from the ironbound thunderhulk's apparatus.
The bolt of lightning misses you.
The tengu warrior shoots a bolt.
The bolt hits you!!
You slice the wraith!! Your headbutt misses the wraith.
The wraith is almost destroyed.
The wraith misses you. You furiously retaliate!
You headbutt the wraith!
You destroy the wraith!
A vault guard comes into view. It is wielding a +0 great mace.
The tengu warrior shoots a bolt.
The bolt hits you but does no damage.
Unknown command.
The human closely misses you. You furiously retaliate!
You headbutt the human!
Electricity crackles from the ironbound thunderhulk's apparatus.
The bolt of lightning hits you!!
The tengu warrior shoots a bolt.
The bolt hits you!
You are too injured to fight recklessly!
Unknown command.
You are too injured to fight recklessly!
Unknown command.
You are too injured to fight recklessly!
You are too injured to fight recklessly!
Unknown command.
You cut the human into ribbons!!!
You kill the human!
Electricity crackles from the ironbound thunderhulk's apparatus.
The bolt of lightning hits you!!
* * * LOW HITPOINT WARNING * * *
The tengu warrior shoots a bolt.
The bolt hits you.
* * * LOW HITPOINT WARNING * * *
A vault guard comes into view. It is wielding a +0 long sword.
The vault guard shouts!
Electricity crackles from the ironbound thunderhulk's apparatus.
The bolt of lightning hits you!!
You die...

....)#...........#
...###..)........#
<..###..)........#
~~≈.)..######.####
~♣~♣.### #.# ♣~.~≈.##
##.####
...~~♣~#####..#..###
≈~~~♣~.~..##..'.Q..####.
.~#~..###.....'.@..Op.p.
~~~~..≈.###+..'....####.
#~...~~~......#†.###
~~.~≈..~......####
~.~...~..........#
###...#..........#
###............#
###..........#
#..........#


You could see an ironbound thunderhulk, 2 vault guards and a tengu warrior.

Vanquished Creatures
  Rupert (Lair:5)
  An orc warlord (Orc:2)
  A dire elephant (Lair:4)
  A fire dragon (Lair:5)
  A catoblepas (Lair:5)
  5 hydras
  8 death yaks
  4 two-headed ogres
  5 dancing weapons (Elf:1)
  5 orc high priests
  4 deep elf knights (Elf:1)
  2 fire crabs
  2 skysharks (Lair:4)
  2 deep elf archers (Elf:1)
  15 deep elf zephyrmancers (Elf:1)
  8 deep elf pyromancers
  3 orc knights (Orc:1)
  4 orc sorcerers (Orc:2)
  2 fauns (Shoals:3)
  2 manticores
  14 elephants (Lair:4)
  4 merfolk sirens
  6 black mambas
  3 molten gargoyles (Lair:5)
  An eye of devastation (Lair:5)
  A torpor snail (Lair:5)
  4 unseen horrors
  9 cane toads
  2 gargoyles (D:12)
  Maggie (D:6)
  6 komodo dragons
  5 merfolk (Shoals:1)
  A troll (D:9)
  A hornet (D:10)
  A wind drake (Shoals:1)
  A polar bear (Lair:3)
  3 blink frogs (Lair:5)
  A snapping turtle (Lair:3)
  7 slime creatures
  A spriggan (Lair:4)
  A shadow (D:12)
  4 wraiths
  8 basilisks
  41 yaks
  13 wyverns
  3 fire elementals (Elf:1)
  A human (D:13)
  6 steam dragons
  2 fire bats (Shoals:1)
  A warg (Orc:1)
  3 nagas (Lair:2)
  15 water moccasins
  An acid dragon (D:9)
  4 hell hounds (Lair:5)
  2 sky beasts
  A black bear (D:5)
  4 ice beasts
  33 orc warriors
  3 ogres
  11 centaurs
  4 wolves (Lair:2)
  3 phantoms (D:5)
  Blork the orc (D:6)
  11 bullfrogs
  5 kobold brigands
  A gnoll sergeant (D:13)
  3 scorpions
  3 wights (D:9)
  3 killer bees (D:8)
  2 electric eels (Lair:3)
  5 lava snakes (Lair:5)
  A hound (D:6)
  A jelly (Lair:5)
  18 orc priests
  Crazy Yiuf (D:6)
  3 gnoll boudas
  Jessica (D:3)
  4 iguanas
  4 sleepcaps
  Ijyb (D:3)
  Natasha (thrice) (D:3)
  27 orc wizards
  8 adders
  8 gnolls
  A white imp (D:6)
  2 ufetubi
  An adder zombie (D:2)
  2 adder skeletons (D:2)
  A worm (D:4)
  5 dart slugs
  77 orcs
  4 bats (D:1)
  2 bat skeletons (D:2)
  10 endoplasms
  A giant cockroach (D:4)
  14 hobgoblins
  15 kobolds
  4 quokkas
  6 ball pythons
  A ball python zombie (D:2)
  6 frilled lizards
  A giant cockroach zombie (D:2)
  7 goblins
  A jackal zombie (D:2)
  A quokka zombie (D:2)
  9 rats
597 creatures vanquished.

Vanquished Creatures (others)
  An air elemental (Elf:1)
1 creature vanquished.

Grand Total: 598 creatures vanquished

Notes
Turn   | Place    | Note
-------+----------+-------------------------------------------
     0 | D:1      | dialectric the Minotaur Fighter began the quest for the
                  | Orb.
     0 | D:1      | Reached XP level 1. HP: 19/19 MP: 0/0
   165 | D:1      | Reached XP level 2. HP: 27/27 MP: 1/1
   266 | D:1      | Reached skill level 4 in Fighting
   498 | D:1      | Reached XP level 3. HP: 28/33 MP: 2/2
  1191 | D:2      | Reached XP level 4. HP: 41/41 MP: 3/3
  1498 | D:3      | Found a blossoming altar of Fedhas.
  1554 | D:3      | Noticed Natasha
  1571 | D:3      | Killed Natasha
  1871 | D:3      | Reached XP level 5. HP: 47/47 MP: 4/4
  1916 | D:3      | Noticed Natasha
  1922 | D:3      | Killed Natasha
  1923 | D:3      | Reached skill level 1 in Dodging
  1996 | D:3      | Found a hazy altar of Hepliaklqana.
  2066 | D:3      | Noticed Natasha
  2081 | D:3      | Killed Natasha
  2173 | D:3      | Noticed Jessica
  2177 | D:3      | Noticed Ijyb
  2181 | D:3      | Killed Jessica
  2189 | D:3      | Killed Ijyb
  2190 | D:3      | Reached XP level 6. HP: 36/55 MP: 5/5
  2397 | D:4      | Reached skill level 5 in Armour
  2513 | D:4      | Reached skill level 5 in Fighting
  2573 | D:4      | Found a shimmering blue altar of Sif Muna.
  3275 | D:5      | Entered Level 5 of the Dungeon
  3312 | D:5      | Found a glowing golden altar of the Shining One.
  3445 | D:5      | Reached skill level 5 in Long Blades
  3445 | D:5      | Reached XP level 7. HP: 51/61 MP: 6/6
  3792 | D:5      | Found a snail-covered altar of Cheibriados.
  4119 | D:5      | Reached skill level 6 in Fighting
  4128 | D:5      | Reached XP level 8. HP: 50/70 MP: 7/7
  4349 | D:5      | Reached skill level 7 in Fighting
  4535 | D:6      | Noticed Maggie
  4550 | D:6      | Noticed Blork the orc
  4551 | D:6      | Killed Maggie
  4552 | D:6      | Reached XP level 9. HP: 68/79 MP: 8/8
  4566 | D:6      | Killed Blork the orc
  4573 | D:6      | Reached skill level 1 in Unarmed Combat
  4573 | D:6      | Found a shimmering altar of Xom.
  4602 | D:6      | Reached skill level 10 in Long Blades
  4832 | D:6      | Found an opulent altar of Gozag.
  4876 | D:6      | Found the +5 robe of Misfortune {Harm *Corrode *Slow EV+5}
  4996 | D:6      | Identified a scroll of acquirement
  4996 | D:6      | Acquired a +7 heavy double sword
  5115 | D:6      | Found a runed translucent door.
  5116 | D:6      | Noticed Crazy Yiuf
  5120 | D:6      | Killed Crazy Yiuf
  5177 | D:7      | Reached skill level 8 in Fighting
  5547 | D:7      | Found a staircase to the Ecumenical Temple.
  5549 | D:7      | Found Piaheg's Self-Improvement Boutique.
  5652 | Temple   | Entered the Ecumenical Temple
  6138 | D:8      | Noticed a two-headed ogre
  6144 | D:8      | Killed a two-headed ogre
  6145 | D:8      | Reached skill level 9 in Fighting
  6272 | D:8      | Reached XP level 10. HP: 91/91 MP: 9/9
  6417 | D:8      | Reached skill level 1 in Evocations
  6534 | D:8      | Found a staircase to the Lair.
  7548 | D:9      | Found a bloodstained altar of Trog.
  7903 | D:9      | Found a stormy altar of Qazlal.
  7980 | D:10     | Entered Level 10 of the Dungeon
  8014 | D:10     | Reached skill level 10 in Fighting
  8030 | D:10     | Found an iron altar of Okawaru.
  8047 | D:10     | Noticed a two-headed ogre
  8053 | D:10     | Killed a two-headed ogre
  8490 | D:10     | Reached XP level 11. HP: 97/101 MP: 8/10
  8529 | D:10     | Found a sparkling altar of Nemelex Xobeh.
  8656 | D:10     | Found a staircase to the Orcish Mines.
  9063 | D:11     | Noticed a boulder beetle
  9193 | D:12     | Reached skill level 11 in Fighting
  9395 | Lair:1   | Entered Level 1 of the Lair of Beasts
  9904 | Lair:1   | Reached skill level 10 in Armour
 10155 | Lair:2   | Reached skill level 15 in Long Blades
 10483 | Lair:2   | Found a staircase to the Snake Pit.
 10508 | Lair:2   | HP: 2/104 [naga/+0 dire flail (19)]
 10624 | Lair:2   | Reached skill level 12 in Fighting
 10624 | Lair:2   | Reached skill level 5 in Dodging
 10624 | Lair:2   | Reached skill level 5 in Shields
 10624 | Lair:2   | Reached XP level 12. HP: 48/112 MP: 11/11
 11050 | Lair:2   | Found a one-way gate to the infinite horrors of the Abyss.
 11050 | Lair:2   | Noticed ooooo's ghost (journeyman OpCj)
 11079 | Lair:2   | Found a transporter.
 11082 | Lair:2   | Identified the +1 dagger of Begi {elec, rPois Will+}
 11102 | Lair:2   | Found a transporter.
 11847 | Lair:3   | Reached skill level 13 in Fighting
 11847 | Lair:3   | Gained mutation: You are partially covered in iridescent
                  | scales. (AC +2) [potion of mutation]
 11847 | Lair:3   | Gained mutation: You have supernaturally acute eyesight.
                  | (SInv) [potion of mutation]
 11847 | Lair:3   | Lost mutation: You are partially covered in iridescent
                  | scales. (AC +2) [potion of mutation]
 12307 | Lair:3   | Noticed a five-headed hydra
 12313 | Lair:3   | Killed an eight-headed hydra
 12469 | Lair:3   | Reached XP level 13. HP: 101/122 MP: 12/12
 12833 | Lair:3   | Found a staircase to the Shoals.
 13204 | Lair:4   | Reached skill level 14 in Fighting
 13330 | Lair:4   | Noticed a dire elephant
 13339 | Lair:4   | Killed a dire elephant
 14183 | Orc:1    | Entered Level 1 of the Orcish Mines
 14406 | Orc:2    | Entered Level 2 of the Orcish Mines
 14560 | Orc:2    | Found a staircase to the Elven Halls.
 14965 | Orc:2    | Found Adynit's Alliterative Armaments.
 14973 | Orc:2    | Found Ycaz Mirch's Antique Armour Shoppe.
 14973 | Orc:2    | Found Buugamaj's Antique Weapon Emporium.
 14973 | Orc:2    | Noticed an orc warlord
 15122 | Orc:2    | Reached skill level 15 in Fighting
 15456 | Elf:1    | Entered Level 1 of the Elven Halls
 15465 | Elf:1    | Paralysed by an air elemental for 1 turns
 15598 | Orc:2    | Upgraded the game from 0.31-a0-795-g5eb97db20b to
                  | 0.31-a0-799-g6bc09d010c
 16294 | Orc:2    | Reached skill level 16 in Fighting
 17017 | Orc:2    | Killed an orc warlord
 17424 | Orc:2    | Found Fuiruo Vuru's General Store.
 17425 | Orc:2    | Found Cowoxylo's Book Shoppe.
 17471 | Orc:2    | Bought a potion of haste for 140 gold pieces
 17518 | Orc:2    | Reached XP level 14. HP: 117/137 MP: 13/13
 17633 | Orc:2    | Bought a pair of gloves for 108 gold pieces
 18252 | Lair:3   | Reached skill level 10 in Dodging
 18506 | Lair:4   | Reached skill level 5 in Evocations
 19273 | Lair:5   | Entered Level 5 of the Lair of Beasts
 19805 | Lair:5   | Noticed Rupert
 19810 | Lair:5   | Paralysed by Rupert for 4 turns
 20126 | Lair:5   | Found a runed translucent door.
 20140 | Lair:5   | Killed Rupert
 21133 | Lair:5   | Found a large runed translucent door.
 21191 | Lair:5   | Reached skill level 17 in Fighting
 21501 | Lair:5   | Found a large runed translucent door.
 21701 | Lair:5   | Found a staircase to the Slime Pits.
 21974 | Slime:1  | Entered Level 1 of the Pits of Slime
 22007 | Slime:1  | Noticed a quicksilver ooze
 22682 | Elf:1    | Reached XP level 15. HP: 94/147 MP: 14/14
 23343 | Elf:1    | Reached skill level 18 in Fighting
 23709 | Elf:1    | Found Pithry's Assorted Antiques.
 23716 | Elf:1    | Bought a scroll of teleportation for 66 gold pieces
 23716 | Elf:1    | Bought a potion of curing for 66 gold pieces
 24384 | Shoals:1 | Entered Level 1 of the Shoals
 25520 | D:13     | Reached skill level 15 in Armour
 25524 | D:13     | Killed from afar by an ironbound thunderhulk

Illustrated notes

Levels and vault maps discovered:
D:1:      scummos_arrival_star, layout_basic, minmay_circled_x
D:2:      layout_loops_ring, serial_undead, serial_undead_b, serial_undead_d,
          serial_undead_b, serial_undead_e, serial_undead_c, serial_undead_a
D:3:      layout_rooms, mainiacjoe_overflow_alcove_4, amcnicky_altar_gilded,
          nicolae_concentric_dashed_squares_mild,
          chequers_serial_rivers_small_b, chequers_serial_rivers_small_3,
          uniq_ijyb, uniq_natasha, uniq_jessica
D:4:      layout_basic, old_standard_altar
D:5:      layout_loops_ring, mainiacjoe_overflow_chevrons, lemuel_crystal_altar,
          chequers_serial_rivers_room_a
D:6:      corexii_shack_village, layout_rooms, xom_confusion_cloud,
          nicolae_gozag_cash_rules_everything_around_me, uniq_blork_the_orc,
          uniq_crazy_yiuf_cottage, uniq_maggie
D:7:      layout_rooms, minmay_temple_entry_grid, nicolae_shop_self_help
D:8:      layout_rooms, lair_entry_dummy
D:9:      layout_irregular_city, trog_book, nicolae_qazlal_eye_of_the_storm
D:10:     kennysheep_spiral_hall, layout_irregular_city, kennysheep_mini_moat,
          kennysheep_little_box, orc_0_dummy, serial_glass, glass_columns_b,
          glass_columns_a, blue_anna_alchemist
D:11:     layout_roguey
D:12:     layout_irregular_city, kennysheep_generic_room_5
D:13:     layout_roguey, hellmonk_vaults_keyhole, chequers_serial_rivers_marsh
Temple:   hellmonk_temple_of_storms
Lair:1:   layout_loops_ring, lemuel_fruit_tree
Lair:2:   layout_regular_city, minmay_snake_entry_guardpost_small,
          gammafunk_ghost_abyssal_escape, st_stairs_12,
          nicolae_quartered_pool_super, infiniplex_staircase_pool_2
Lair:3:   layout_chaotic_city, minmay_shoals_entry_hut, wad_woods_river_01
Lair:4:   mu_elephants_graveyard, layout_hall_layers, beast_lair_carwin_2
Lair:5:   cheibrodos_lair_end_hotspot, layout_gridlike, slime_entry_2,
          uniq_rupert
Shoals:1: layout_shoals, hangedman_shoal_volcano
Shoals:2: layout_shoals, nicolae_shoals_gull_way, uniq_polyphemus
Shoals:3: layout_shoals, nicolae_shoals_sun_and_surf, uniq_ilsuiw
Slime:1:  layout_caves, cheibrodos_slime_lost_civilization_4
Orc:1:    layout_diamond_mine
Orc:2:    st_orc_congregation, layout_caves, monkooky_shop_alliterative
Elf:1:    elf_arrival_001, layout_loops_corners, serial_shops, shop,
          hangedman_elf_represent
Elf:2:    nicolae_elf_blades_crystal_corner, layout_rooms, uniq_azrael,
          uniq_nikola

Skill      XL: |  1  2  3  4  5  6  7  8  9 10 11 12 13 14 15 |
---------------+----------------------------------------------+-----
Armour         | 4 5 6 7 8 9 10 11 13 14 15 | 15.0
Fighting       | 4 5 6 7 9 10 12 13 16 17 18 | 18.8
Shields        | 4 5 |  5.5
Long Blades    | 2 3 5 7 9 11 14 16 | 16.1
Dodging        | 1 2 5 6 9 12 | 12.9
Unarmed Combat | 1 |  1.7
Evocations     | 1 3 4 6 |  6.0
Maces & Flails | 3 |  3.3
Short Blades   | |  0.9

Action                     |  1- 3 |  4- 6 |  7- 9 | 10-12 | 13-15 || total
---------------------------+-------+-------+-------+-------+-------++-------
  Melee: Flail             |    26 |       |       |       |       ||    26
         Headbutt          |    14 |    22 |    39 |    41 |   143 ||   259
         Dagger            |    60 |       |       |       |       ||    60
         Falchion          |    16 |   147 |   144 |       |       ||   307
         Punch             |       |     4 |     2 |     4 |    19 ||    29
         Unarmed           |       |       |    18 |       |       ||    18
         Double sword      |       |       |    41 |   246 |   706 ||   993
  Evoke: Wand              |       |       |     5 |     2 |    35 ||    42
    Use: Scroll            |     1 |     2 |     2 |    17 |    12 ||    34
         Potion            |       |     3 |     2 |     6 |     4 ||    15
   Stab: Invisible         |       |       |       |       |     1 ||     1
 Armour: Scale mail        |    82 |    52 |       |       |       ||   134
         Ring mail         |       |    57 |   212 |   276 |   598 ||  1143
         Skin              |       |       |    11 |       |       ||    11
         Fire dragon scale |       |       |       |       |   271 ||   271
  Dodge: Dodged            |    46 |    73 |   151 |   170 |   693 ||  1133

Table legend: (Time is in decaauts)
 A = Elapsed time spent in this place.
 B = Non-inter-level travel time spent in this place.
 C = Inter-level travel time spent in this place.
 D = Time resting spent in this place.
 E = Time spent auto-exploring this place.
 F = Levels seen in this place.
 G = Mean time per level.
                   A        B        C        D        E       F      G
               +--------+--------+--------+--------+--------+-----+--------+
         Total |  25753 |  24038 |   1715 |   3327 |  15680 |  27 |  953.8 |
       Dungeon |  10204 |   9357 |    847 |    473 |   6960 |  13 |  784.9 |
        Temple |     66 |     66 |      0 |      0 |     20 |   1 |   66.0 |
          Lair |   8945 |   8396 |    549 |    798 |   6163 |   5 | 1789.0 |
        Shoals |    615 |    605 |     10 |    382 |      2 |   3 |  205.0 |
    Slime Pits |      6 |      6 |      0 |      0 |      0 |   1 |    6.0 |
  Orcish Mines |   3845 |   3564 |    281 |   1296 |   1338 |   2 | 1922.5 |
   Elven Halls |   2071 |   2045 |     26 |    378 |   1196 |   2 | 1035.5 |
               +--------+--------+--------+--------+--------+-----+--------+

Top non-repeatable levels by time:
  Lair:5: 2777 daAuts
  Lair:3: 2260 daAuts
   Orc:2: 2142 daAuts
   Elf:1: 2067 daAuts
  Lair:4: 1851 daAuts
   Orc:1: 1702 daAuts
  Lair:2: 1296 daAuts
     D:9: 1230 daAuts
     D:8: 1188 daAuts
    D:10: 1173 daAuts
     D:5: 1164 daAuts
     D:4: 926 daAuts
     D:6: 883 daAuts
     D:3: 881 daAuts
     D:1: 773 daAuts
